Cogmind - Beta 13 @@@ ROGUE MODE // 2024.03.21 @ 06:11:32 Player: fkp Result: Destroyed by MF-8ZU(R) with Subdweller Beam Cannon Performance ------------- Evolutions (0) 0 Regions Visited (3) 600 Robots Destroyed (30) 150 Value Destroyed (602) 602 Prototype IDs (1) 20 Alien Tech Used (0) 0 Bonus (0) 0 TOTAL SCORE: 1372 Bonus ------- None Cogmind --------- Core Integrity 0/250 Matter 300/300 Energy 100/100 System Corruption 0% Temperature Cool (81) Movement Core (100) Ox1 Location -10/Subcaves Parts ------- > --- POWER (1) -------- (None) > --- PROPULSION (2) --- (None) > --- UTILITY (2) ------ Small Storage Unit > --- WEAPON (2) ------- (None) > --- INVENTORY (8) ---- Light Ion Engine Improved Treads Improved Treads Scrap Shield Beam Cannon Autogun Autogun Peak State ------------ > --- POWER ------------ Light Nuclear Core > --- PROPULSION ------- Improved Treads Improved Treads > --- UTILITY ---------- Improved Heat Sink Small Storage Unit > --- WEAPON ----------- Improved EM Shotgun Improved EM Shotgun > --- INVENTORY -------- Light Ion Engine Improved Treads Improved Treads Beam Cannon Autogun Autogun Autogun [Rating: 18] Favorites ----------- Power Light Nuclear Core Engine Light Ion Engine Power Core Light Nuclear Core Propulsion Light Treads Treads Light Treads Utility Small Storage Unit Device Improved Heat Sink Storage Small Storage Unit Processor Targeting Computer Weapon Autogun Energy Gun Improved EM Shotgun Ballistic Gun Autogun Launcher Grenade Launcher Build | -11 -10 -10 -10 ------- Run | Yrd Mat Min Sub Slots Evolved . | . . . . Power . | . . . . Propulsion . | . . . . Utility . | . . . . Weapon . | . . . . Parts Attached 31 | 6 21 4 . Power 2 | 1 1 . . Engine 1 | 1 . . . Core 1 | . 1 . . Reactor . | . . . . Propulsion 6 | 2 4 . . Treads 6 | 2 4 . . Leg . | . . . . Wheel . | . . . . Hover . | . . . . Flight . | . . . . Utility 7 | 1 6 . . Device 3 | . 3 . . Storage 3 | 1 2 . . Processor 1 | . 1 . . Hackware . | . . . . Protection . | . . . . Artifact . | . . . . Weapon 16 | 2 10 4 . Energy Gun 6 | 2 2 2 . Energy Cannon . | . . . . Ballistic Gun 9 | . 7 2 . Ballistic Cannon . | . . . . Launcher 1 | . 1 . . Special Weapon . | . . . . Impact Weapon . | . . . . Slashing Weapon . | . . . . Piercing Weapon . | . . . . Special Melee Weapon . | . . . . Unidentified Prototypes 1 | . 1 . . Parts Lost 8 | . 1 1 6 Power 1 | . . . 1 Propulsion 2 | . . . 2 Utility 2 | . 1 . 1 Weapon 3 | . . 1 2 Highest Loss Streak 6 | . 1 1 6 To Critical Strikes . | . . . . Average Slot Usage (%) 98 | . 99 100 92 Engine 1 | . 2 . . Core 12 | . 11 14 12 Treads 27 | . 28 28 26 Device 12 | . 12 14 12 Storage 14 | . 14 14 14 Energy Gun 10 | . 7 14 11 Ballistic Gun 16 | . 19 13 13 Naked Turns . | . . . . Heaviest Build 17 | 10 17 17 17 Greatest Support 46 | 40 46 46 46 Greatest Overweight (x) 2 | . . . 2 Average Overweight (x) . | . . . . Largest Inventory Capacity 8 | 8 8 8 8 Average Capacity 7 | 7 8 8 8 Most Carried 8 | 5 8 8 8 Average Carried 7 | 1 7 7 7 Final Capacity 8 | 8 8 8 8 Final Carried 8 | 2 7 8 8 Class Distribution -------------------- 85% | Mutant 14% | Scavenger-Mutant Dominant Class ---------------- Mutant | -10/Materials Mutant | -10/Mines Mutant | -10/Subcaves Resources | -11 -10 -10 -10 ----------- Run | Yrd Mat Min Sub Matter Collected 844 | 158 578 100 8 Remotely . | . . . . Salvage Created 939 | 29 607 303 . Parts 69 | 1 43 25 . Haulers Intercepted . | . . . . Recyclers Shooed 1 | . 1 . . Parts Field Recycled . | . . . . Retrieved Matter . | . . . . Parts Self-Destructed 8 | . . . 8 Prevented . | . . . . Kills | -11 -10 -10 -10 ------- Run | Yrd Mat Min Sub Combat Hostiles Destroyed 19 | . 10 9 . Guns 16 | . 7 9 . AOE 3 | . 3 . . Classes Destroyed 9 | 1 5 3 . Worker 1 | . 1 . . Builder 2 | . 2 . . Tunneler 3 | 1 1 1 . Recycler 4 | . 3 1 . Watcher 2 | . 2 . . Swarmer 7 | . . 7 . Grunt 10 | . 10 . . Sentry 1 | . . 1 . Assembled 1 | . . 1 . Best Kill Streak 11 | 1 11 2 . Combat Bots Only 5 | . 5 2 . Max Kills in Single Turn 3 | 1 3 2 . Gunslinging 1 | . . 1 . Exploded 2 | . 2 . . Melee . | . . . . Uniques/NPCs Destroyed . | . . . . Combat | -11 -10 -10 -10 -------- Run | Yrd Mat Min Sub Hostile Shots Fired 113 | . 45 28 40 Missed 30 | . 9 7 14 Damage Taken 1303 | . 449 307 547 Core 265 | . 106 24 135 Absorbed by Shields . | . . . . Regen/Repaired (Parts) 22 | . 22 . . Core Remaining (%) 100 | 100 . . . Volleys Fired 75 | 3 47 22 3 Largest 2 | 2 2 2 2 Hottest 95 | 80 95 90 68 Shots Fired 138 | 6 84 43 5 Gun 130 | 6 76 43 5 Cannon . | . . . . Launcher 8 | . 8 . . Special . | . . . . Kinetic 72 | . 54 15 3 Thermal 27 | 6 21 . . Explosive 8 | . 8 . . Electromagnetic 31 | . 1 28 2 Robot Hit Streak 14 | 4 8 14 6 Robot Miss Streak 8 | 1 8 2 2 Penetration Max . | . . . . Secondary Targets 1 | . . 1 . Max Gunslinging Chain 1 | . . 1 . Shots Hit Robots 82 | 5 42 32 3 Core Hits 45 | 1 29 15 . Critical Kills . | . . . . Critical Parts Destroyed . | . . . . Critical Strikes 2 | . 2 . . Burn 2 | . 2 . . Melee Attacks . | . . . . Impact . | . . . . Slashing . | . . . . Piercing . | . . . . Sneak Attacks . | . . . . Combat Hostiles . | . . . . Follow-up Attacks . | . . . . Damage Inflicted 1898 | 55 1236 564 43 Guns 1071 | 55 492 481 43 Cannons . | . . . . Explosions 827 | . 744 83 . Melee . | . . . . Ramming . | . . . . Kinetic 471 | . 315 140 16 Thermal 315 | 55 177 83 . Explosive 744 | . 744 . . Electromagnetic 368 | . . 341 27 Impact . | . . . . Slashing . | . . . . Piercing . | . . . . Highest Corruption . | . . . . Average Corruption . | . . . . Corruption Purged . | . . . . Corruption Blocked . | . . . . Overload Shots . | . . . . Overflow Damage 104 | . 104 . . Projectiles . | . . . . Explosions 104 | . 104 . . Melee . | . . . . Knockbacks . | . . . . Impact . | . . . . Kinetic . | . . . . Secondary . | . . . . Self-Inflicted Damage 42 | . . 42 . Shots 1 | . . 1 . Rammed . | . . . . Targets Rammed . | . . . . Kicked . | . . . . Crushed . | . . . . Highest Temperature 264 | 36 28 44 264 Average Temperature 21 | 18 8 13 163 Received Heat Transfer 767 | . 255 116 396 Siege Activations . | . . . . Robots Corrupted . | . . . . Combat Hostiles . | . . . . Parts Fried 1 | . . 1 . Impact Corruptions . | . . . . Robots Melted . | . . . . Combat Hostiles . | . . . . Parts Melted . | . . . . Heat Transferred 780 | 125 555 100 . Parts Sabotaged . | . . . . Parts Stolen . | . . . . Parts Stripped . | . . . . Power Chain Reactions 1 | . . 1 . Alert | -11 -10 -10 -10 ------- Run | Yrd Mat Min Sub Peak Influence 335 | 5 335 226 . Initial 21 | . 3 21 . Average 104 | 2 116 95 . Maximum Alert Level 1 | . 1 1 . Low Security (%) 83 | 100 83 81 . Level 1 16 | . 16 18 . Level 2 . | . . . . Level 3 . | . . . . Level 4 . | . . . . Level 5 . | . . . . High Security . | . . . . Max Security . | . . . . Squads Dispatched 2 | . 2 . . Investigation 1 | . 1 . . Extermination . | . . . . Reinforcement 1 | . 1 . . Assault . | . . . . Garrison . | . . . . Intercept . | . . . . Searches Triggered . | . . . . Construction Impeded . | . . . . Haulers Reinforced . | . . . . Active Scanning Responses . | . . . . Cargo Convoy Interrupts . | . . . . Stealth | -11 -10 -10 -10 --------- Run | Yrd Mat Min Sub Distress Signals 1 | . 1 . . Communications Jammed . | . . . . Distress Signals . | . . . . Times Spotted 58 | . 20 20 18 Peak Tracking Total 13 | . 5 13 11 Tactical Retreats 3 | . . 2 1 Traps | -11 -10 -10 -10 ------- Run | Yrd Mat Min Sub Traps Triggered . | . . . . Indirectly . | . . . . Trap Hack Attempts . | . . . . Triggered . | . . . . Disarmed . | . . . . Reprogrammed . | . . . . Reused . | . . . . Traps Extracted . | . . . . Installed . | . . . . Triggered . | . . . . Machines | -11 -10 -10 -10 ---------- Run | Yrd Mat Min Sub Machines Disabled 3 | . 2 1 . Max in Single Turn 1 | . 1 1 . Machines Repaired . | . . . . Machines Dismantled . | . . . . Machines Sabotaged . | . . . . Overloaded Fab Kills . | . . . . Hacking | -11 -10 -10 -10 --------- Run | Yrd Mat Min Sub Machines Accessed 8 | . 8 . . Terminals 6 | . 6 . . Fabricators . | . . . . Repair Stations 1 | . 1 . . Recycling Units 1 | . 1 . . Scanalyzers . | . . . . Garrison Access . | . . . . Total Hacks 24 | . 24 . . Successful 11 | . 11 . . Failed 13 | . 13 . . Catastrophic 2 | . 2 . . Database Lockouts . | . . . . Manual . | . . . . Terminals 18 | . 18 . . Fabricators . | . . . . Repair Stations 2 | . 2 . . Recycling Units 4 | . 4 . . Scanalyzers . | . . . . Garrison Access . | . . . . Terminal Hacks 8 | . 8 . . Locate Traps 3 | . 3 . . Hauler Manifests 1 | . 1 . . Registered Prototypes 1 | . 1 . . Zone Layout 3 | . 3 . . Fabricator Hacks . | . . . . Repair Station Hacks 2 | . 2 . . Scan Component 1 | . 1 . . Repair 1 | . 1 . . Recycling Unit Hacks 1 | . 1 . . Report Inventory 1 | . 1 . . Scanalyzer . | . . . . Garrison Access Hacks . | . . . . Unauthorized Hacks . | . . . . Terminals . | . . . . Fabricators . | . . . . Repair Stations . | . . . . Recycling Units . | . . . . Scanalyzers . | . . . . Garrison Access . | . . . . Data Cores Recovered . | . . . . Used . | . . . . Hacking Detections 6 | . 6 . . Full Trace Events 4 | . 4 . . Feedback Events . | . . . . Feedback Blocked . | . . . . Robot Schematics Acquired . | . . . . Robots Built . | . . . . Authchips . | . . . . Time . | . . . . Total Robot Build Rating . | . . . . Part Schematics Acquired . | . . . . Parts Built . | . . . . Authchips . | . . . . Time . | . . . . Total Part Build Rating . | . . . . Parts Repaired 1 | . 1 . . Time 38 | . 38 . . Parts Recycled . | . . . . Recycled Matter . | . . . . Retrieved Matter . | . . . . Retrieved Components . | . . . . Parts Scanalyzed . | . . . . Part Schematics Acquired . | . . . . Parts Damaged . | . . . . Bothacking | -11 -10 -10 -10 ------------ Run | Yrd Mat Min Sub Used RIF Installer . | . . . . Robots Hacked . | . . . . Non-combat . | . . . . Combat . | . . . . Robot Hacks Applied . | . . . . Relay Couplers Released . | . . . . Fabnet Peak Effective % . | . . . . Robots Rewired . | . . . . Allies Hacked . | . . . . Hacks Repelled . | . . . . Allies | -11 -10 -10 -10 -------- Run | Yrd Mat Min Sub Total Allies . | . . . . Largest Group . | . . . . Highest-Rated Group . | . . . . Highest-Rated Ally . | . . . . Total Orders . | . . . . Ally Attacks . | . . . . Total Damage . | . . . . Kills . | . . . . Allies Corrupted . | . . . . Allies Melted . | . . . . Intel | -11 -10 -10 -10 ------- Run | Yrd Mat Min Sub Robot Analysis Total . | . . . . Derelict Logs Recovered 2 | . . 2 . Drone Launches . | . . . . Drone Recoveries . | . . . . Exploration | -11 -10 -10 -10 ------------- Run | Yrd Mat Min Sub Turns Passed 2389 | 71 1291 851 176 Spaces Moved 1263 | 43 641 487 92 Core 21 | 17 . . 4 Treads 1242 | 26 641 487 88 Legs . | . . . . Wheels . | . . . . Hover . | . . . . Flight . | . . . . Fastest Speed 50 | 50 160 160 100 Average Speed 158 | 116 160 160 159 Slowest Speed 160 | 160 160 160 160 Overloaded Moves . | . . . . Propulsion Burnouts . | . . . . Robots Hopped . | . . . . Cave-ins Triggered . | . . . . Exploration Rate (%) 43 | 4 87 75 8 Regions Visited 3 Branch Regions 2 Pre-discovered Areas 1 | . . 1 . Known Exits Taken . | . . . . Unknown Exits Taken 3 | 1 1 1 . Scrap Searched 1 | . . 1 . Spaces Dug . | . . . . Terrain Destroyed 67 | . 64 3 . Melee . | . . . . Projectile . | . . . . AOE 67 | . 64 3 . Terrain Rammed . | . . . . Walls Destroyed . | . . . . Machines Disabled . | . . . . Actions | -11 -10 -10 -10 --------- Run | Yrd Mat Min Sub Total 1531 | 58 838 517 118 Wait 83 | . 60 3 20 Move 1260 | 42 640 486 92 Hop . | . . . . Pick Up 46 | 7 36 2 1 Fast Attach 3 | 1 2 . . Attach 8 | 5 2 1 . Detach . | . . . . Swap 20 | . 17 3 . Drop 36 | . 34 . 2 Fire 75 | 3 47 22 3 Melee . | . . . . Ram . | . . . . Kick . | . . . . Crush . | . . . . Escape Stasis . | . . . . Rewire . | . . . . Trap . | . . . . Miscellaneous . | . . . . Route ------- -11/Scrapyard -10/Materials (discovered 5 exits: [*Mat x3] / [*Min x2]) -10/Mines (discovered 2 exits: [*Mat] / [*Sub]) -10/Subcaves (discovered 1 exit: [*Rec]) History --------- Turn | Location | Event 8 | -11/Scrapyard | Discovered new exit (range 15) 72 | -11/Scrapyard | Entered Materials 372 | -10/Materials | Discovered new exit (range 14) 545 | -10/Materials | Discovered new exit (range 6) 608 | -10/Materials | Build established: Scavenger-Mutant 619 | -10/Materials | Discovered new exit (range 16) 763 | -10/Materials | Repaired Imp. Heat Sink 955 | -10/Materials | Build established: Mutant 1070 | -10/Materials | Discovered new exit (range 7) 1193 | -10/Materials | Discovered new exit (range 8) 1363 | -10/Materials | Entered Mines 1387 | -10/Mines | Met a Derelict bent on vengeance 1418 | -10/Mines | Assembled infested the area 1530 | -10/Mines | Discovered new exit (range 6) 1643 | -10/Mines | Learned Materials stockpile data 1908 | -10/Mines | Core integrity fell below 50% 2126 | -10/Mines | Discovered new exit (range 12) 2132 | -10/Mines | Learned location of Zion (-7) 2214 | -10/Mines | Entered Subcaves 2214 | -10/Subcaves | Discovered new exit (range 13) 2361 | -10/Subcaves | Ambushed by swarm of Subdwellers 2361 | -10/Subcaves | Ambushed by Subdwellers from Twisted Machinery 2361 | -10/Subcaves | Ambushed by Subdwellers from Twisted Machinery 2361 | -10/Subcaves | Ambushed by Subdwellers from Twisted Machinery 2361 | -10/Subcaves | Ambushed by Subdwellers from Twisted Machinery 2390 | -10/Subcaves | Destroyed by MF-8ZU(R) with Subdweller Beam Cannon Last Messages --------------- HV Slug penetrates Twisted Machinery. HV Slug penetrates Wall. Imp. EM Shotgun destroyed. DV-W3I(R) destroyed. HV Slug penetrates E7-Z5N(R). E7-Z5N(R) suffers critical hit (Destroy). E7-Z5N(R) knocked back. HV Slug penetrates E7-Z5N(R). DR-FLO(R) suffers critical hit (Destroy). E7-Z5N(R) affixes Scrap Shield Fragment to Scrap Shield. DR-FLO(R) affixes Scrap Shield Fragment to Scrap Shield. Lgt. Nuclear Core destroyed. Imp. Heat Sink destroyed. Imp. Treads destroyed. Critical hit (Meltdown: +300). Autogun destroyed. ZR-2UC(R) affixes Scrap Shield Fragment to Scrap Shield. Map ----- +----------------------------------------------------+ | ?????????????????????????# ??## | | ????????????????????????## #??# | | ????????????????????????# #??# #### ##### ? | | ????????????????????????# #??# ##??????????? | | ???????????????????????## #### ##???????????? | | ??????????????????????## ##????????????? | | ??????????????????????# #?????????????? | | ??????????????????????### #?????????????? | | ????????????????????????# #?????????????? | | ????????????????????????#### &##?????????????? | | ???????????????????????????#### !=#??????????????? | | ??????????????????????????????# & #??????????????? | | ??????????????????????????????#R! #??????????????? | | ?????????????????????????????## %##?????????????? | | ????????????????????????????##!* #?????????????? | | ??????????????????????????### % ##?? ??????????? | | ???????????????????????#### RRR ### #??????? | | ???????????????????????# R[R % #???????? | | ???????????????????????# R ##???????? | | ???????????????????????# R #????????? | | ???????????????????????# ??????? | | ???????????????????????# ## ##?????? | | ???????????????????????#; ##?### #??????? | | ???????????????????????## #?????? ??????? | | ???????????????????????# #???????# ?????? | | ???????????????????????#;@ ##???????????????? | | ???????????????????????## ####????????????????? | | ????????????????????????# #???????????????????? | | ????????????????????????## #??????????????????? | | ?????????????????????????# #?????????????????? | | ?????????????????????????# #????????????????? | | ?????????????????????????##### ???????????????? | | ??????????????????????????????# ??????????????? | | ???????????????????????????????# #????????????? | | ???????????????????????????????? #????????????? | | ????????????????????????????????? ????????????? | | ?????????????????????????????????? #????????????? | | ?????????????????????????????????????????????????? | | ?????????????????????????????????????????????????? | | ?????????????????????????????????????????????????? | | ?????????????????????????????????????????????????? | | ?????????????????????????????????????????????????? | | ?????????????????????????????????????????????????? | | ?????????????????????????????????????????????????? | | ?????????????????????????????????????????????????? | | ?????????????????????????????????????????????????? | | ?????????????????????????????????????????????????? | | ?????????????????????????????????????????????????? | | ?????????????????????????????????????????????????? | | ?????????????????????????????????????????????????? | +----------------------------------------------------+ Best States ------------- Heat Dissipation 39 Energy Generation 14 Energy Capacity 325 Matter Stores 300 Matter Capacity 300 Sight Range 16 Terrain Scan Density 10 Evasion (%) 50 Targeting Accuracy 5 Recoil Reduction 2 Item Schematics ----------------- None Robot Schematics ------------------ None Fabricated ------------ Nothing Alien Tech Used ----------------- None Achievements -------------- I Survived The Infestation Slippery One Challenges ------------ None Game ------ Seed MatterLinearMultitool Manual? 0 Play Time 00:28:08 Cumulative 12.1 hours Start 2024.03.21 @ 05:43:44 End 2024.03.21 @ 06:11:32 Sessions 1 Manual Loads 0 Difficulty Rogue Special Mode None Game No. 10 Rogue 8 Adventurer 0 Explorer 2 Win Type - Total 0 Types 0/0/0/0/0/0/0/0/0 Lore% 3 Gallery% 11 Achievement% 11 Wizard Run 0 Options --------- Layout 2 ASCII 0 Keyboard 0 Movement Mouse Keybinds 0 Fullscreen 2 Font 48/Tamsyn Map View 50x44 Zoom Use 0% Tactical HUD 0 Map Filters NONE Filters NONE Steam 1 RUN: 49d70732-1193-4204-83a3-9655a73b911f